 Dungeon Crawl Stone Soup version 0.30.0 (webtiles) character file.

Game seed: 5482936379305137596

86 cheesebisquit the Grave Robber (level 4, -3/35 HPs)
             Began as a Ghoul Necromancer on May 6, 2023.
             Slain by a gnoll
             ... wielding a +0 spear
              (6 damage)
             ... on level 4 of the Dungeon.
             The game lasted 00:08:51 (3592 turns).

cheesebisquit the Grave Robber (Ghoul Necromancer)  Turns: 3592, Time: 00:08:51

Health: -3/35      AC:  3    Str:  9 (11) XL:     4   Next: 50%
Magic:  1/6        EV:  8    Int: 10 (12) God:
Gold:   250        SH:  0    Dex:  6 (9)  Spells: 3/7 levels left

rFire   . .          .
                       - Unarmed
rCold   + . .        (no shield)
rNeg    + + +        a - +0 robe
rPois   ∞            (no helmet)
rElec   .            b - +0 cloak
rCorr   .            (no gloves)
SInv    .            (no boots)
Will    .....        (no amulet)
Stlth   ++           g - ring of wizardry
HPRegen 0.00/turn    (no ring)
MPRegen 0.10/turn

%: wizardry (x1)
@: brilliant, inhibited regen, constricted
A: claws 1, cold resistance 1, negative energy resistance 3, inhibited
regeneration, torment resistance 2, devour on kill
a: no special abilities


You were on level 4 of the Dungeon.
You visited 1 branch of the dungeon, and saw 4 of its levels.

You collected 250 gold pieces.

Inventory:

Missiles
 n - 6 atropa-tipped darts
Armour
 a - a +0 robe (worn)
 b - a +0 cloak (worn)
Jewellery
 g - a ring of wizardry (left claw)
Scrolls
 c - a scroll of enchant armour {unknown}
 d - a scroll of vulnerability {unknown}
 e - 3 scrolls of teleportation {unknown}
 h - a scroll of enchant weapon {unknown}
 i - 3 scrolls of identify
Potions
 j - a potion of invisibility
 m - a potion of cancellation {unknown}


   Skills:
 + Level 1.3 Fighting
 - Level 1.7 Dodging
 + Level 2.9 Stealth
 + Level 1.9 Unarmed Combat
 + Level 2.3 Spellcasting
 + Level 4.5 Necromancy


You had 3 spell levels left.
You knew the following spells:

 Your Spells              Type           Power      Damage    Failure   Level
a - Necrotise             Necr           60%        1d7       1%          1
z - Vampiric Draining     Necr           15%        2d7       6%          3

Your spell library contained the following spells:

 Spells                   Type           Power      Damage    Failure   Level
 Sting                    Tmut/Pois      4%         1d3       12%         1
 Summon Small Mammal      Summ           4%         N/A       12%         1
 Poisonous Vapours        Pois/Air       2%         N/A       17%         2
 Call Canine Familiar     Summ           1%         N/A       32%         3
 Summon Guardian Golem    Hex/Summ       1%         N/A       32%         3
 Animate Dead             Necr           15%        N/A       19%         4
 Agony                    Necr           15%        N/A       45%         5
 Olgreb's Toxic Radiance  Pois           1%         N/A       71%         4


Dungeon Overview and Level Annotations

Branches:
Dungeon (4/15)
 Temple: D:4-7

Altars:
Okawaru
Wu Jian


Innate Abilities, Weirdness & Mutations

You are immune to poison.
You have sharp fingernails.
Your flesh is cold resistant. (rC+)
You are immune to negative energy. (rN+++)
You do not regenerate when monsters are visible.
You are immune to unholy pain and torment.
You thrive by killing the living.


Message History

The gnoll barely misses you.
You escape the ball python's grasp.
The gnoll closely misses you. The ball python bites you.
The ball python grabs you.
You stop ascending the stairs.
The ball python constricts you.
The ball python writhes in agony.
The ball python bites you but does no damage.
The ball python constricts you.
The gnoll hits you from afar with a +0 spear!
Okay, then.
Okay, then.
As you read the scroll labelled CESHRE JUTI NIO, it crumbles to dust.
It is a scroll of identify.
j - a potion of invisibility The ball python bites you but does no damage.
The ball python constricts you.
The gnoll hits you from afar with a +0 spear.
* * * LOW HITPOINT WARNING * * *
The ball python bites you but does no damage.
The ball python constricts you.
* * * LOW HITPOINT WARNING * * *
Okay, then.
You feel better.
The gnoll hits you from afar with a +0 spear!
* * * LOW HITPOINT WARNING * * *
The ball python bites you but does no damage.
The ball python constricts you.
* * * LOW HITPOINT WARNING * * *
It was a potion of brilliance.
You feel clever all of a sudden.
The gnoll hits you from afar with a +0 spear.
* * * LOW HITPOINT WARNING * * *
The ball python bites you.
* * * LOW HITPOINT WARNING * * *
The ball python constricts you.
* * * LOW HITPOINT WARNING * * *
It was a potion of degeneration.
There was something very wrong with that liquid.
You feel weakened.
You feel dopey.
You feel clumsy.
The gnoll hits you from afar with a +0 spear.
You die...

## ..
##.#
#...#
....
..##
##S..#
#@#
#....#
#.#g##
#.#g#
### #


You could see 2 gnolls and a ball python.

Vanquished Creatures
  A hound (D:4)
  2 adders (D:3)
  A dart slug (D:3)
  2 worms
  3 endoplasms (D:1)
  2 giant cockroaches (D:3)
  A goblin (D:3)
  A hobgoblin (D:3)
  A quokka (D:1)
  5 ball pythons
  4 bats
  8 frilled lizards
  3 kobolds
  4 rats (D:1)
38 creatures vanquished.

Vanquished Creatures (collateral kills)
  A ball python (D:1)
1 creature vanquished.

Grand Total: 39 creatures vanquished

Notes
Turn   | Place    | Note
-------+----------+-------------------------------------------
     0 | D:1      | cheesebisquit the Ghoul Necromancer began the quest for the
                  | Orb.
     0 | D:1      | Reached XP level 1. HP: 14/14 MP: 2/2
   250 | D:1      | Reached XP level 2. HP: 20/20 MP: 0/3
   428 | D:1      | Reached skill level 1 in Unarmed Combat
  1044 | D:2      | Found a faded altar of an unknown god.
  2210 | D:3      | Reached XP level 3. HP: 27/27 MP: 2/5
  2467 | D:3      | You fall into a shaft and drop 1 floor!
  2475 | D:4      | Found an ornate altar of the Wu Jian Council.
  2489 | D:4      | Reached skill level 1 in Fighting
  2536 | D:4      | Reached XP level 4. HP: 32/35 MP: 0/6
  2614 | D:4      | Found an iron altar of Okawaru.
  3579 | D:3      | Learned a level 3 spell: Vampiric Draining
  3592 | D:4      | Slain by a gnoll

Illustrated notes

Levels and vault maps discovered:
D:1:      minmay_arrival_up_and_down, layout_loops_ring,
          minmay_misc_feat_pillars
D:2:      layout_basic, hellmonk_ecumenical_altar_run_dry
D:3:      layout_basic, dreamdust_princess_corridor, hex_medium
D:4:      layout_basic, amcnicky_altar_gilded, trog_three_pillars_becter,
          okawaru_ov_weapons_minmay, uniq_grinder

Skill      XL: |  1  2  3 |
---------------+----------+-----
Spellcasting   | 2 |  2.3
Unarmed Combat | 1 |  1.9
Fighting       | 1 |  1.3
Dodging        | |  1.7
Stealth        | |  2.9
Necromancy     | |  4.5

Action                     |  1- 3 |  4- 6 || total
---------------------------+-------+-------++-------
  Melee: Unarmed           |    27 |     2 ||    29
         Punch             |     1 |       ||     1
   Cast: Necrotise         |    58 |    37 ||    95
    Use: Potion            |     2 |     3 ||     5
         Scroll            |       |     1 ||     1
 Armour: Robe              |     7 |     8 ||    15
  Dodge: Dodged            |    13 |    13 ||    26
